 Dungeon Crawl Stone Soup version 0.29.1-14-g9c671dbff4 (webtiles) character file.

Game seed: 9556618989468335118

239052 fld782 the Severer (level 19, -7/154 HPs)
             Began as a Mummy Fighter on Feb 18, 2023.
             Killed from afar by a deep elf annihilator (25 damage)
             ... with a crystal spear
             ... on level 2 of the Vaults on Feb 20, 2023.
             The game lasted 03:00:57 (77819 turns).

fld782 the Severer (Mummy Fighter)                 Turns: 77819, Time: 03:00:58

Health: -7/154     AC: 40    Str: 20    XL:     19   Next: 1%
Magic:  0/29       EV:  6    Int: 14    God:
Gold:   904        SH: 20    Dex: 12    Spells: 28/32 levels left

rFire   x . .      SeeInvis .   V - +9 broad axe (vorpal)
rCold   + + .      Faith    .   M - +2 tower shield {rC+}
rNeg    + + +      Spirit   +   N - +6 plate armour of a bazaar {Will+}
rPois   ∞          Reflect  .   U - +0 helmet
rElec   .          Harm     .   D - +1 cloak
rCorr   .          Rampage  .   H - +2 pair of gloves
Will    +++..                   t - +2 pair of boots
Stlth   ..........              r - amulet of guardian spirit
HPRegen 0.35/turn               Y - +4 ring of protection
MPRegen 0.21/turn               Z - +4 ring of protection

@: about to teleport
A: cold resistance 1, negative energy resistance 3, torment resistance 2, heat
vulnerability 1, in touch with death 2, no potions
}: 1/15 runes: decaying
a: no special abilities


You were on level 2 of the Vaults.
You visited 7 branches of the dungeon, and saw 34 of its levels.
You also visited: Sewer, Ossuary and Ice Cave.

You collected 3138 gold pieces.
You spent 2234 gold pieces at shops.

Inventory:

Hand Weapons
 J - a +4 vampiric spear
 V - a +9 vorpal broad axe (weapon)
Missiles
 a - 5 atropa-tipped darts
 I - 7 curare-tipped darts (quivered)
 L - 24 poisoned darts
 O - 12 javelins
 Q - 2 throwing nets
Armour
 g - a +0 kite shield
 t - a +2 pair of boots (worn)
 A - a +2 plate armour of willpower
 D - a +1 cloak (worn)
 H - a +2 pair of gloves (worn)
 M - a +2 tower shield of cold resistance (worn)
 N - the +6 plate armour of a bazaar (worn) {Will+}
   (You found it on level 5 of the Lair of Beasts)

   Will:      It increases your willpower.
 U - a +0 helmet (worn)
Jewellery
 b - the amulet "Keggue" {Faith +Blink rPois Int+2 Dex-4}
   (You found it on level 13 of the Dungeon)

   [amulet of faith]

   It allows you to gain divine favour quickly.
   Int:       It affects your intelligence (+2).
   Dex:       It affects your dexterity (-4).
   rPois:     It protects you from poison.
   +Blink:    It lets you blink.
 e - a +6 ring of dexterity
 i - a ring of see invisible
 k - a ring of magical power
 l - a +4 ring of evasion
 m - an amulet of the acrobat
 r - an amulet of guardian spirit (around neck)
 s - a +6 ring of strength
 u - a +4 ring of slaying
 E - a ring of resist corrosion
 F - a ring of willpower
 P - a +6 ring of intelligence
 R - a ring of ice
 W - a ring of protection from fire
 X - an amulet of reflection
 Y - a +4 ring of protection (left hand)
 Z - a +4 ring of protection (right hand)
Wands
 f - a wand of mindburst (7)
 n - a wand of flame (25)
 o - a wand of roots (29)
 v - a wand of paralysis (19)
 w - a wand of acid (20)
 x - a wand of polymorph (21)
 C - a wand of digging (10)
Scrolls
 c - 7 scrolls of butterflies
 d - 3 scrolls of silence
 h - 2 scrolls of summoning
 j - a scroll of blinking
 p - 3 scrolls of poison
 q - 6 scrolls of teleportation
 y - 5 scrolls of enchant armour
 z - 2 scrolls of fear
 B - 3 scrolls of magic mapping
 G - 2 scrolls of acquirement
 S - 7 scrolls of vulnerability
Miscellaneous
 K - a box of beasts
 T - a phial of floods


   Skills:
 + Level 14.8 Fighting
 + Level 17.5(17.6) Axes
 + Level 2.9(11.8) Polearms
 + Level 12.3 Armour
 + Level 3.6 Dodging
 + Level 4.3 Stealth
 + Level 15.1 Shields
 + Level 7.0 Spellcasting
 * Level 5.2 Translocations
 + Level 2.6 Evocations


You had 28 spell levels left.
You knew the following spells:

 Your Spells              Type           Power      Damage    Failure   Level
a - Magic Dart            Conj           16%        1d3       100%        1
b - Gell's Gravitas       Tloc           19%        N/A       95%         3

Your spell library contained the following spells:

 Spells                   Type           Power      Damage    Failure   Level
 Teleport Other           Tloc           19%        N/A       95%         3
 Call Imp                 Summ           4%         N/A       100%        2
 Mephitic Cloud           Conj/Pois/Air  4%         N/A       100%        3
 Stone Arrow              Conj/Erth      8%         3d7       100%        3
 Tukima's Dance           Hex            4%         N/A       100%        3
 Animate Armour           Summ/Erth      8%         N/A       100%        4
 Animate Dead             Necr           11%        N/A       100%        4
 Passage of Golubria      Tloc           19%        N/A       100%        4
 Borgnjor's Vile Clutch   Necr/Erth      5%         N/A       100%        5
 Freezing Cloud           Conj/Ice/Air   2%         6-21      100%        5
 Silence                  Hex/Air        2%         N/A       100%        5
 Summon Forest            Summ/Tloc      6%         N/A       100%        5
 Yara's Violent Unravell  Hex/Tmut       2%         3d3       100%        5
 Death Channel            Necr           5%         N/A       100%        6
 Dispersal                Tloc           9%         N/A       100%        6
 Eringya's Noxious Bog    Tmut/Pois      2%         N/A       100%        6
 Ozocubu's Refrigeration  Ice            2%         4d7       100%        7
 Summon Hydra             Summ           2%         N/A       100%        7
 Lehudib's Crystal Spear  Conj/Erth      2%         10d2      100%        8
 Sublimation of Blood     Necr           Unusable   N/A       N/A         2
 Wereblood                Tmut           Unusable   N/A       N/A         2
 Ice Form                 Ice/Tmut       Unusable   N/A       N/A         4

Dungeon Overview and Level Annotations

Branches:
Dungeon (15/15)            Temple (0/1) D:4            Lair (5/5) D:10
  Swamp (4/4) Lair:3        Snake (4/4) Lair:3        Slime (0/5) Lair:5
    Orc (2/2) D:10            Elf (2/3) Orc:2        Vaults (2/5) D:14
 Depths (0/4) D:15          Sewer (visited)         Ossuary (visited)
  IceCv (visited)
  Crypt: Vaults:2-3

Altars:
Cheibriados
Okawaru
Qazlal
Wu Jian
Jiyva

Shops:
D:3 !   D:4 !*=   D:8 :   D:12 [   Orc:2 =*(*[:[   Snake:4 =

Portals:
Trove: Vaults:1 (show abyssal rune of Zot)

Annotations:
D:9 2 transporters, donbex's ghost, novice TrFi
D:12 Frances
D:14 Roxanne
Lair:3 3 runed translucent doors, Xazxec's ghost, journeyman DECj
Lair:5 exclusion: oklob plant
Swamp:4 3 runed translucent doors, duchin's ghost, adept MfWn
Snake:4 Saint Roka
Elf:2 3 runed translucent doors


Innate Abilities, Weirdness & Mutations

You are immune to poison.
Your flesh is cold resistant. (rC+)
You are immune to negative energy. (rN+++)
You are immune to unholy pain and torment.
You are vulnerable to heat. (rF-)
You are strongly in touch with the powers of death.
You do not drink.


Message History

You feel strangely unstable. You block the war gargoyle's attack.
The vault warden hits you with a +3 war axe of flaming!
The vault warden burns you! Something hits you but does no damage.
You block the deep elf annihilator's attack.
The war gargoyle hits you but does no damage.
Unknown command.
You slice the deep elf annihilator!!
The deep elf annihilator is heavily wounded.
You hit the ironbound convoker but do no damage.
You slice the war gargoyle!! You closely miss the vault warden.
The war gargoyle launches metal splinters at you.
The spray of metal splinters misses you.
Unknown command.
You closely miss the deep elf annihilator.
The deep elf annihilator is heavily wounded.
You slice the vault warden!! You hit the ironbound convoker.
You kill the ironbound convoker!
You barely miss the war gargoyle.
The vault warden hits you with a +3 war axe of flaming!!
* * * LOW HITPOINT WARNING * * *
The vault warden burns you.
* * * LOW HITPOINT WARNING * * *
Something hits you but does no damage.
The deep elf annihilator hits you with a +2 rapier of flaming!
* * * LOW HITPOINT WARNING * * *
The deep elf annihilator burns you.
* * * LOW HITPOINT WARNING * * *
The war gargoyle hits you with a +0 morningstar!
* * * LOW HITPOINT WARNING * * *
Unknown command.
Unknown command.
You slash the deep elf annihilator!
The deep elf annihilator is severely wounded.
You closely miss the vault warden. You hit the war gargoyle.
The war gargoyle launches metal splinters at you.
The spray of metal splinters misses you.
You block the vault warden's attack. You block something's attack.
The deep elf annihilator points at you and mumbles some strange words.
The crystal spear hits you!!
You die...

#..........#..
#..........#..
#..........#..
#..........#..
#..........'..
##########'#####..
+...#.. #.).# #..
#)9.##.##...# ###
#@ep#.#.#...#
##p###.#'####
#.#.#.#.#.#.#
#..#.#)#.#..#
#.#.#.#.#.#.#
####'#.#'####
#...#.#.#...#
#...##.##.).#
#...#...#...#


You could see 2 vault wardens, a deep elf annihilator and a war gargoyle
(catching breath).

Vanquished Creatures
  Vashnia (Snake:3)
  Mlioglotl (Swamp:1)
  Jorgrun (Orc:1)
  Agnes (Snake:2)
  Donald (Swamp:4)
  A nagaraja (Snake:4)
  A deep elf sorcerer (Elf:2)
  An orc warlord (Orc:2)
  2 vault wardens (Vaults:1)
  A ghoul (Swamp:1)
  6 ironbound preservers
  2 ironbound thunderhulks
  6 eleionomae
  3 bunyips
  7 dire elephants (Vaults:1)
  An entropy weaver (Vaults:1)
  Snorg (Lair:5)
  2 deep elf death magi (Elf:1)
  An ettin (D:15)
  Josephine (Lair:3)
  2 great orbs of eyes
  3 yaktaur captains
  3 fire dragons
  2 boulder beetles
  A ghost crab (Swamp:1)
  17 hydras
  A salamander tyrant (Snake:3)
  6 two-headed ogres
  A catoblepas (D:13)
  7 vault guards (Vaults:1)
  3 ironbound frosthearts (Vaults:1)
  13 centaur warriors
  8 anacondas
  10 naga warriors
  2 tengu warriors (D:15)
  16 dancing weapons
  7 death yaks
  3 alligators
  Urug (Lair:2)
  6 orc high priests
  8 naga sharpshooters
  9 deep elf knights
  Amaemon (Lair:2)
  A skeletal warrior (D:11)
  5 salamander mystics
  A sea snake (shapeshifter) (D:14)
  12 deep trolls
  4 goliath frogs
  3 naga ritualists
  3 spriggan druids
  3 deep elf archers
  2 wizards (D:14)
  9 swamp dragons
  7 bog bodies
  16 deep elf zephyrmancers
  3 necromancers
  6 orc sorcerers
  5 orc knights
  4 ironbound convokers
  4 lindwurms
  17 ugly things
  13 deep elf pyromancers
  8 mana vipers
  5 manticores
  A stone giant zombie (Vaults:1)
  A shining eye (shapeshifter) (D:14)
  A cyclops (shapeshifter) (Elf:2)
  7 will-o-the-wisps
  5 cyclopes
  An elephant (shapeshifter) (Elf:2)
  A moth of wrath (Elf:1)
  15 salamanders
  34 black mambas
  10 elephants
  4 guardian serpents
  A guardian serpent (shapeshifter) (Elf:2)
  2 ice statues (IceCv)
  A torpor snail (Lair:1)
  8 vault sentinels (Vaults:1)
  12 naga magi
  An orange demon (Lair:2)
  15 cane toads
  Maggie (Lair:2)
  2 ice devils (IceCv)
  2 unseen horrors
  2 unseen horrors (shapeshifter)
  A rime drake (Lair:1)
  6 yaktaurs (Vaults:1)
  3 anaconda simulacra (IceCv)
  11 komodo dragons
  2 tengu conjurers (D:15)
  9 tyrant leeches
  A merfolk (Snake:3)
  6 polar bears
  3 hornets
  16 blink frogs
  3 dream sheep
  24 slime creatures
  A centaur simulacrum (D:14)
  4 air elementals
  4 water elementals
  4 spriggans
  3 dire elephant simulacra (IceCv)
  7 wyverns
  8 basilisks
  34 yaks
  2 yaks (shapeshifter)
  A culicivora (shapeshifter) (Elf:2)
  A hog (D:13)
  6 wraiths
  A basilisk (shapeshifter) (Elf:2)
  10 vampire mosquitoes
  5 fire elementals
  A golden eye (shapeshifter) (Elf:2)
  2 redbacks
  A redback simulacrum (D:15)
  2 steam dragons (Swamp:4)
  9 wargs
  Menkaure (D:5)
  13 swamp worms
  2 harpy simulacra (IceCv)
  40 nagas
  3 acid dragons
  41 orc warriors
  13 water moccasins
  A glowing shapeshifter skeleton (Vaults:1)
  2 sky beasts
  5 black bears
  2 ice beasts
  11 swamp drakes
  Pargi (D:3)
  8 ogres
  4 boggarts
  14 centaurs
  2 kobold brigands
  A phantom (D:5)
  3 gnoll sergeants
  17 bullfrogs
  2 necrophages
  3 earth elementals
  4 scorpions
  2 water moccasin zombies (Ossuary)
  4 wights (D:8)
  An elephant simulacrum (IceCv)
  27 killer bees
  9 howler monkeys
  4 electric eels
  7 bullfrog zombies (Ossuary)
  5 centaur zombies (Ossuary)
  4 hounds
  5 jellies
  29 orc priests
  2 gnoll boudas
  5 iguanas
  23 orc wizards
  2 troll simulacra (IceCv)
  A spriggan simulacrum (IceCv)
  5 killer bee zombies (Ossuary)
  7 mummies
  3 howler monkey zombies (Ossuary)
  11 adders
  17 gnolls
  A naga simulacrum (IceCv)
  4 shadow imps
  2 white imps
  3 ufetubi
  3 worms
  3 dart slugs
  81 orcs
  13 bats
  5 endoplasms
  3 giant cockroaches
  10 hobgoblins
  3 jackals (D:2)
  10 kobolds
  A quokka (D:1)
  10 ball pythons
  3 frilled lizards
  9 goblins
  4 rats
  A fire vortex (Swamp:4)
1155 creatures vanquished.

Vanquished Creatures (collateral kills)
  An orc sorcerer (Orc:2)
  An anaconda simulacrum (IceCv)
  2 ice devils (IceCv)
  A harpy simulacrum (IceCv)
5 creatures vanquished.

Vanquished Creatures (others)
  A goliath frog (Swamp:2)
  2 swamp dragons
  A wizard (D:14)
  4 bloated husks
  A spriggan (Swamp:2)
  A steam dragon (Swamp:4)
  A naga (Snake:2)
  A swamp worm (shapeshifter) (Elf:2)
  3 swamp drakes (Swamp:4)
  3 bushes (Lair:5)
  41 foxfires
  34 fungi
  107 plants
  10 withered plants (Ossuary)
210 creatures vanquished.

Grand Total: 1370 creatures vanquished

Notes
Turn   | Place    | Note
-------+----------+-------------------------------------------
     0 | D:1      | fld782 the Mummy Fighter began the quest for the Orb.
     0 | D:1      | Reached XP level 1. HP: 18/18 MP: 1/1
   255 | D:1      | Found a faded altar of an unknown god.
   476 | D:1      | Reached XP level 2. HP: 23/24 MP: 2/2
  1164 | D:2      | Reached skill level 2 in Axes
  1164 | D:2      | Gained mutation: You are in touch with the powers of death.
                  | [Mummy growth]
  1164 | D:2      | Reached XP level 3. HP: 29/29 MP: 3/3
  1401 | D:2      | Reached XP level 4. HP: 36/36 MP: 4/4
  1992 | D:3      | Found Pitzym's Distillery.
  2130 | D:3      | Found a glowing drain.
  2161 | Sewer    | Entered a sewer
  2195 | Sewer    | Reached XP level 5. HP: 42/42 MP: 5/5
  2221 | Sewer    | Noticed Pargi
  2504 | D:4      | Found Fakim's Assorted Antiques.
  2520 | D:3      | Reached skill level 3 in Axes
  2520 | D:3      | Reached skill level 1 in Dodging
  2668 | D:4      | Bought a dented malachite amulet for 140 gold pieces
  2763 | D:4      | Found a stormy altar of Qazlal.
  2961 | D:4      | Noticed a black bear
  3065 | D:4      | Killed a black bear
  3066 | D:4      | Reached skill level 1 in Spellcasting
  3066 | D:4      | Reached XP level 6. HP: 43/48 MP: 5/7
  3746 | D:4      | Found Nixe Gejea's Distillery.
  4160 | D:4      | Found Fadghuorph's Jewellery Emporium.
  4347 | D:4      | Found a staircase to the Ecumenical Temple.
  4445 | D:5      | Entered Level 5 of the Dungeon
  4445 | D:5      | Noticed Menkaure
  4448 | D:5      | Killed Menkaure
  4449 | D:5      | Reached skill level 4 in Axes
  4449 | D:5      | Reached XP level 7. HP: 55/55 MP: 8/10
  4621 | D:5      | Found a sand-covered staircase.
  4632 | Ossuary  | Entered an ossuary
  4751 | Ossuary  | Reached skill level 1 in Stealth
  4756 | Ossuary  | Reached skill level 5 in Axes
  4776 | Ossuary  | Reached XP level 8. HP: 39/61 MP: 13/13
  5228 | Ossuary  | Reached skill level 6 in Axes
  5356 | Ossuary  | Reached skill level 5 in Fighting
  6214 | D:5      | Identified the +3 ring mail of Bueconan {rPois}
  6354 | D:3      | Killed Pargi
  6355 | D:3      | Reached skill level 5 in Spellcasting
  6961 | D:6      | Reached XP level 9. HP: 66/68 MP: 14/16
  8077 | D:6      | Reached skill level 7 in Axes
 10281 | D:8      | Reached XP level 10. HP: 76/76 MP: 18/20
 10474 | D:8      | Found an ornate altar of the Wu Jian Council.
 11011 | D:8      | Found Vumoad's Vocational Training.
 11313 | D:9      | Reached skill level 8 in Axes
 11513 | D:9      | Reached skill level 5 in Shields
 11515 | D:9      | Reached skill level 1 in Evocations
 11971 | D:9      | Noticed a wizard
 11971 | D:9      | Noticed donbex's ghost (novice TrFi)
 11986 | D:9      | Noticed a toenail golem
 12045 | D:9      | Found a transporter.
 12049 | D:9      | Noticed a toenail golem
 12050 | D:9      | Noticed a toenail golem
 12063 | D:9      | Found a transporter.
 12758 | D:9      | Reached skill level 5 in Armour
 12852 | D:9      | Noticed a two-headed ogre
 12862 | D:9      | Killed a two-headed ogre
 12863 | D:9      | Reached skill level 9 in Axes
 13105 | D:9      | Noticed a worldbinder
 13160 | D:10     | Entered Level 10 of the Dungeon
 13689 | D:10     | Reached XP level 11. HP: 78/84 MP: 19/21
 13915 | D:10     | Found a staircase to the Lair.
 14111 | D:10     | Found a staircase to the Orcish Mines.
 14242 | D:11     | Noticed a skeletal warrior
 14242 | D:11     | Noticed a skeletal warrior
 14242 | D:11     | Noticed a skeletal warrior
 14242 | D:11     | Noticed a skeletal warrior
 15760 | D:12     | Found the +12 glaive of Prune {vorpal}
 16160 | D:12     | Noticed a two-headed ogre
 16167 | D:12     | Killed a two-headed ogre
 16271 | D:12     | Identified the +5 scale mail "Qausutor" {rPois rC- Int+3}
 16360 | D:12     | Noticed Frances
 16589 | D:12     | Found Momuetak's Armour Shop.
 17176 | D:12     | Reached skill level 10 in Axes
 17493 | D:13     | Noticed a centaur warrior
 17523 | D:13     | Killed a centaur warrior
 17969 | Lair:1   | Entered Level 1 of the Lair of Beasts
 17969 | Lair:1   | Noticed a seven-headed hydra
 17984 | Lair:1   | Killed a seven-headed hydra
 18709 | Lair:1   | Reached XP level 12. HP: 66/92 MP: 15/22
 18914 | Lair:1   | Found a snail-covered altar of Cheibriados.
 19879 | Lair:2   | Noticed Amaemon
 20047 | Lair:2   | Found a frozen archway.
 20056 | IceCv    | Entered an ice cave
 21789 | IceCv    | Reached skill level 11 in Axes
 22164 | IceCv    | Got Ryot's Codex of Hoarfrost
 22295 | Lair:2   | Noticed Urug
 22324 | Lair:2   | Killed Urug
 22718 | Lair:2   | Killed Amaemon
 22917 | Lair:2   | Noticed Maggie
 22927 | Lair:2   | Killed Maggie
 22959 | Lair:2   | Noticed a six-headed hydra
 22977 | Lair:2   | Killed a six-headed hydra
 23542 | Lair:3   | Found a runed translucent gate.
 23542 | Lair:3   | Found a runed translucent gate.
 23542 | Lair:3   | Found a runed translucent gate.
 23547 | Lair:3   | Noticed a catoblepas
 23548 | Lair:3   | Noticed a minotaur
 23551 | Lair:3   | Noticed Xazxec's ghost (journeyman DECj)
 23576 | Lair:3   | Reached skill level 1 in Polearms
 24103 | Lair:3   | Found a staircase to the Snake Pit.
 24114 | Lair:3   | Gained mutation: You are strongly in touch with the powers
                  | of death. [Mummy growth]
 24114 | Lair:3   | Reached XP level 13. HP: 65/101 MP: 15/23
 24830 | Lair:3   | Found a staircase to the Swamp.
 25951 | Lair:4   | Reached skill level 12 in Axes
 29032 | Lair:4   | Noticed Josephine
 29701 | Lair:3   | Killed Josephine
 29936 | Lair:4   | Reached skill level 10 in Fighting
 30410 | Lair:5   | Entered Level 5 of the Lair of Beasts
 30420 | Lair:5   | Noticed Snorg
 32253 | Lair:4   | Reached XP level 14. HP: 92/110 MP: 20/24
 33537 | Lair:5   | Identified the +6 plate armour of a bazaar {Will+}
 33637 | Lair:5   | Killed Snorg
 33638 | Lair:5   | Reached skill level 13 in Axes
 33638 | Lair:5   | Reached skill level 10 in Shields
 34291 | Lair:5   | Found a staircase to the Slime Pits.
 34532 | Orc:1    | Entered Level 1 of the Orcish Mines
 34771 | Orc:2    | Entered Level 2 of the Orcish Mines
 35342 | Orc:1    | You fall into a shaft and drop 1 floor!
 35371 | Orc:2    | Found Baal's Jewellery Emporium.
 36623 | Orc:1    | HP: 5/113 [barbs]
 38043 | Orc:2    | HP: 1/113 [orc sorcerer/bolt of fire (29)]
 39400 | Orc:2    | Found Cetagg's Armour Shop.
 39400 | Orc:2    | Found Tamoykoit's General Store.
 39455 | Orc:2    | Found Giorish's Book Emporium.
 39458 | Orc:2    | Found Quupuym's Antique Armour Emporium.
 39486 | Orc:2    | Bought a pair of runed boots for 225 gold pieces
 39486 | Orc:2    | Bought a pair of embroidered gloves for 225 gold pieces
 39892 | Orc:2    | Bought a +0 broad axe for 68 gold pieces
 39908 | Orc:2    | Bought a scroll of enchant weapon for 127 gold pieces
 40006 | Orc:2    | Found Pihid's Assorted Antiques.
 40009 | Orc:2    | Found Wumucw's Weapon Shop.
 40053 | Orc:2    | Bought 5 atropa-tipped darts for 51 gold pieces
 40057 | Orc:2    | Found a staircase to the Elven Halls.
 40070 | Orc:2    | Noticed Jorgrun
 41486 | D:13     | Found a huge runed translucent gate.
 41487 | D:13     | Found a huge runed translucent gate.
 41488 | D:13     | Found a huge runed translucent gate.
 41489 | D:13     | Found a huge runed translucent gate.
 41653 | D:13     | Identified the amulet "Keggue" {Faith +Blink rPois Int+2
                  | Dex-4}
 42454 | D:14     | Identified 2 scrolls of acquirement
 42521 | D:14     | Identified Roxanne's Catalogue of Terrain
 42521 | D:14     | Noticed Roxanne
 42560 | D:14     | Reached XP level 15. HP: 73/119 MP: 16/25
 43077 | D:14     | Found a gate to the Vaults.
 43172 | D:14     | Reached skill level 14 in Axes
 43600 | D:14     | Found a viscous altar of Jiyva.
 44085 | D:15     | Entered Level 15 of the Dungeon
 44830 | D:15     | Reached skill level 10 in Armour
 44838 | D:15     | Found a staircase to the Depths.
 45420 | D:15     | Found an iron altar of Okawaru.
 46026 | D:4      | Bought a notched opal ring for 140 gold pieces
 46026 | D:4      | Bought a +4 ring of protection for 1008 gold pieces
 46248 | Snake:1  | Entered Level 1 of the Snake Pit
 48258 | Snake:1  | Learned a level 1 spell: Magic Dart
 48262 | Snake:1  | Learned a level 3 spell: Gell's Gravitas
 48849 | Snake:2  | Reached skill level 15 in Axes
 49076 | Snake:2  | Reached XP level 16. HP: 90/129 MP: 17/26
 50206 | Snake:2  | Noticed Agnes
 51083 | Snake:3  | Noticed Vashnia
 51286 | Snake:2  | Killed Agnes
 52573 | Swamp:1  | Entered Level 1 of the Swamp
 52609 | Swamp:1  | Noticed Mlioglotl
 52631 | Swamp:1  | Killed Mlioglotl
 52840 | Swamp:1  | Found an ornate altar of the Wu Jian Council.
 56899 | Swamp:4  | Entered Level 4 of the Swamp
 57288 | Swamp:4  | Identified the +5 great mace of Corporal Punishment {venom,
                  | rElec rN+ Str+4 Int-5}
 57387 | Swamp:4  | Found a runed translucent gate.
 57387 | Swamp:4  | Found a runed translucent gate.
 57387 | Swamp:4  | Found a runed translucent gate.
 57389 | Swamp:4  | Noticed duchin's ghost (adept MfWn)
 57390 | Swamp:4  | Noticed a thorn hunter
 58353 | D:4      | Bought a ring of protection from fire for 250 gold pieces
 60062 | Swamp:3  | Reached XP level 17. HP: 104/137 MP: 27/27
 60782 | Swamp:4  | Noticed Donald
 60799 | Swamp:4  | Killed Donald
 61205 | Swamp:4  | Got a decaying rune of Zot
 62458 | Snake:4  | Entered Level 4 of the Snake Pit
 62521 | Snake:3  | Reached skill level 16 in Axes
 65949 | Snake:3  | Killed Vashnia
 66401 | Snake:4  | Noticed Saint Roka
 66865 | Snake:4  | Found Igucat's Jewellery Shop.
 68196 | Orc:1    | Killed Jorgrun
 68283 | Elf:1    | Entered Level 1 of the Elven Halls
 68284 | Elf:1    | Paralysed by an air elemental for 1 turns
 68297 | Orc:2    | Paralysed by an air elemental for 1 turns
 68300 | Orc:2    | Paralysed by an air elemental for 1 turns
 68696 | Elf:1    | Reached skill level 1 in Translocations
 71827 | Elf:1    | Reached XP level 18. HP: 127/146 MP: 24/28
 72381 | Elf:1    | Paralysed by an air elemental for 1 turns
 73729 | Elf:2    | Paralysed by an air elemental for 1 turns
 73801 | Elf:2    | Paralysed by an air elemental for 1 turns
 74000 | Elf:2    | Found a runed translucent gate.
 74001 | Elf:2    | Found a runed translucent gate.
 74001 | Elf:2    | Found a runed translucent gate.
 74748 | Vaults:1 | Entered Level 1 of the Vaults
 75113 | Vaults:1 | Reached skill level 17 in Axes
 76485 | Vaults:1 | Reached skill level 15 in Shields
 77129 | Vaults:1 | Reached skill level 5 in Translocations
 77314 | Vaults:1 | Found a portal to a secret trove of treasure.
 77798 | Vaults:2 | Reached XP level 19. HP: 153/153 MP: 29/29
 77819 | Vaults:2 | Killed from afar by a deep elf annihilator

Illustrated notes

Levels and vault maps discovered:
D:1:      dpeg_arrival_erosion, layout_basic, ebering_ecumenical_altar_hall
D:2:      layout_loops_ring
D:3:      layout_basic, serial_shops, nicolae_shop_crystal,
          cheibrodos_sewer_entry_bend, corexii_shack
D:4:      layout_layer_cave, nicolae_qazlal_general_emergency, temple_hall,
          serial_shops, nicolae_take_the_stairs, nicolae_shop_window_shopping,
          shop
D:5:      layout_basic, gup_ossuary_entry_pyramid, uniq_menkaure
D:6:      layout_loops_ring, mainiacjoe_overflow_24_doors,
          serial_co_window_serial, co_window_paths_a, co_window_cross_1,
          co_window_paths_b, co_window_corner_a, co_window_paths_b,
          co_window_broadway_b, co_window_paths_c, co_window_corner_b,
          co_window_paths_c, co_window_corner_cb, co_window_4corner_a,
          glass_columns_a, glass_columns_a, glass_columns_a, st_stairs_4
D:7:      layout_cave_pools, minmay_joined_circles
D:8:      layout_layer_cave, mainiacjoe_overflow_cross_hatched,
          nicolae_shop_vocational
D:9:      layout_loops_corners, mainiacjoe_overflow_paths, special_room
          [special_room_orc], gammafunk_ghost_abyssal_escape,
          serial_park_tiny_2, minmay_increasing_density
D:10:     layout_small_grid, tso_metal_star, erik_lair_orcish_takeover,
          orc_0_dummy
D:11:     layout_cave_pools, serial_rivers, chequers_serial_rivers_large_b,
          chequers_serial_rivers_micro_c, chequers_serial_rivers_marsh,
          chequers_serial_rivers_small_a
D:12:     layout_loops_cross, serial_shops, shop, uniq_frances
D:13:     lemuel_bear_cage, layout_basic, blue_anna_alchemist
D:14:     layout_loops_cross, david_vaults_2, jiyva_altar_1, uniq_roxanne
D:15:     hangedman_depths_entry_civil_slaughter, layout_long_grid,
          okawaru_altar_gauntlet_db
Lair:1:   layout_cave_pods, basic_altar
Lair:2:   layout_regular_city, portal_ice_cave_entry_pillars_1,
          infiniplex_staircase_pool_2, uniq_urug, uniq_amaemon, uniq_maggie
Lair:3:   layout_regular_city, nicolae_swamp_entry_splash_gauntlet,
          guppyfry_snake_entry_garden, maelrawn_ghost_gauntlet_escape
Lair:4:   layout_small_grid, uniq_josephine
Lair:5:   minmay_lair_end_frog_pond, layout_misc_corridors,
          minmay_slime_entry_oklob_enclosed, grunt_forest_small_clearing_treed,
          uniq_snorg
Swamp:1:  layout_falls_marsh, nicolae_swamp_godswood, swamp_pool5,
          uniq_mlioglotl
Swamp:2:  nicolae_swamp_husk_halls, layout_basic_swamp, serial_swamp_ruin,
          evilmike_swamp_ruin_house_1, evilmike_swamp_ruin_house_5,
          evilmike_swamp_ruin_house_2
Swamp:3:  layout_basic_swamp, evilmike_swamp_ruin_house_4
Swamp:4:  swamp_fiery, layout_basic_swamp, gammafunk_ghost_split, uniq_donald
Snake:1:  layout_layer_cave, lemuel_fruit_tree, grunt_megastairs_4
Snake:2:  layout_concentric_octagons, serial_bayou_pond_e, grunt_megastairs_3,
          uniq_agnes
Snake:3:  layout_layer_cave, grunt_ministairs_2, grunt_megastairs_2,
          uniq_vashnia
Snake:4:  minmay_snake_end_coiled, layout_cave_town, serial_shops,
          nicolae_shop_crystal, nicolae_snake_scaly_snakehead, uniq_saint_roka
Orc:1:    layout_caves, nicolae_orc_pool_cavern
Orc:2:    st_orc_elflike, layout_caves, basic_altar, serial_shops,
          nicolae_shop_behind_doors, shop, nicolae_shop_trees,
          nicolae_orc_rich_vein, uniq_jorgrun
Elf:1:    eino_elf_arrival_shootout, layout_geoelf_diagonals, special_room
          [special_room_orc], minmay_elf_crystal_heptagon
Elf:2:    nicolae_elf_blades_crystal_corner, layout_geoelf_octagon,
          nicolae_elf_shapeshifter_party
Vaults:1: grunt_vaults_hallway_long, v_pattern_1, v_alt_pattern_5,
          nicolae_vaults_windows_and_doors_thing, v_misc_1,
          hangedman_vaults_pinch, nicolae_vaults_network_s, v_misc_13,
          nicolae_vaults_ring_of_whatevers, vaults_room_pool,
          grunt_vaults_hallway_short, v_misc_24, vaults_room_stairs_pillars,
          layout_vaults_maze_snakey, enter_trove_5
Vaults:2: nicolae_vaults_lopsided_apartments, grunt_vaults_diagonal,
          ontoclasm_vaults_hangar, v_pattern_3, nicolae_vaults_network_square,
          hangedman_vaults_unwind, nicolae_vaults_sealed_display,
          nicolae_vaults_network_quincunx
          [nicolae_vaults_network_quincunx_subvault,
          nicolae_vaults_network_quincunx_subvault,
          nicolae_vaults_network_quincunx_subvault,
          nicolae_vaults_network_quincunx_subvault,
          nicolae_vaults_network_quincunx_subvault], hangedman_vaults_locks,
          nicolae_vaults_gold_heap, layout_vaults_omnibox, dummy_crypt_entry,
          uniq_jory

Skill      XL: |  1  2  3  4  5  6  7  8  9 10 11 12 13 14 15 16 17 18 |
---------------+-------------------------------------------------------+-----
Axes           | 2 3 4 5 6 7 9 10 11 12 13 15 16 17 | 17.5
Armour         | 3 4 5 6 7 9 10 11 12 | 12.3
Dodging        | 1 2 3 |  3.6
Shields        | 3 4 6 7 8 9 10 11 13 14 15 | 15.1
Spellcasting   | 1 2 3 5 6 7 |  7.0
Fighting       | 4 5 6 7 8 9 10 11 12 13 14 | 14.8
Stealth        | 1 3 4 |  4.3
Evocations     | 1 2 |  2.6
Polearms       | 1 2 |  2.9
Translocations | 2 5 |  5.2

Action                   |  1- 3 |  4- 6 |  7- 9 | 10-12 | 13-15 | 16-18 | 19-21 || total
-------------------------+-------+-------+-------+-------+-------+-------+-------++-------
Melee: War axe           |    95 |   190 |   438 |  1006 |  1125 |       |       ||  2854
       Spear             |       |       |       |    25 |    34 |   185 |       ||   244
       Broad axe         |       |       |       |       |   749 |  1895 |     9 ||  2653
Throw: Dart              |       |       |       |       |       |     1 |       ||     1
Evoke: Wand              |       |     5 |     5 |    33 |    46 |    25 |       ||   114
       Box of beasts     |       |       |       |     1 |     1 |     1 |       ||     3
       Phial of floods   |       |       |       |       |     1 |       |       ||     1
  Use: Scroll            |       |     1 |     8 |     1 |    27 |     8 |     1 ||    46
 Stab: Paralysed         |       |       |       |    21 |    15 |     3 |       ||    39
       Petrified         |       |       |       |       |     1 |       |       ||     1
       Distracted        |       |       |       |       |       |     1 |       ||     1
       Confused          |       |       |       |       |       |     1 |       ||     1
Armor: Scale mail        |    53 |   136 |    85 |       |       |       |       ||   274
       Plate armour      |       |       |   181 |   673 |  1160 |  1747 |     6 ||  3767
Dodge: Dodged            |    55 |   248 |   299 |   426 |   525 |   380 |     3 ||  1936
Block: Buckler           |    19 |    86 |    53 |       |       |       |       ||   158
       Kite shield       |       |       |   191 |   475 |       |       |       ||   666
       Tower shield      |       |       |       |   200 |  2161 |  2531 |     6 ||  4898
